 Dungeon Crawl Stone Soup version 0.29.0-4-gdea44cf6ec (webtiles) character file.

Game seed: 2603350857490049676

27 qw the Chopper (level 3, 0/21 HPs)
             Began as a Tengu Warper on Aug 28, 2022.
             Succumbed to an adder's poison
             ... on level 3 of the Dungeon.
             The game lasted 00:00:06 (1841 turns).

qw the Chopper (Tengu Warper)                       Turns: 1841, Time: 00:00:07

Health: 0/21       AC:  5    Str: 13    XL:     3   Next: 10%
Magic:  7/7        EV: 10    Int: 13    God:
Gold:   107        SH:  0    Dex: 11    Spells: 6/6 levels left

rFire   . . .      SeeInvis .   d - +1 hand axe (vamp)
rCold   . . .      Faith    .   (no shield)
rNeg    . . .      Spirit   .   g - +0 ring mail
rPois   .          Reflect  .   (helmet restricted)
rElec   .          Harm     .   (no cloak)
rCorr   +          Rampage  .   (no gloves)
Will    .....                   (boots unavailable)
Stlth   +.........              (no amulet)
HPRegen 0.07/turn               i - ring of resist corrosion
MPRegen 0.10/turn               (no ring)

@: lethally poisoned (0 -> -2)
A: beak, talons 3, clumsy 1, subdued magic 1
a: no special abilities


You were on level 3 of the Dungeon.
You visited 1 branch of the dungeon, and saw 3 of its levels.

You collected 107 gold pieces.


Innate Abilities, Weirdness & Mutations

You have a beak for a mouth.
You have claws for feet.
You are clumsy. (Dex -2)
Your spells are a little easier to cast, but a little less powerful.


   Skills:
 - Level 2.0 Fighting
 + Level 3.8 Axes
 - Level 1.0 Throwing
 - Level 1.1 Armour
 - Level 2.1 Dodging
 - Level 2.0 Spellcasting
 - Level 2.4 Translocations


You had 6 spell levels left.
You didn't know any spells.
Your spell library contained the following spells:

 Spells                   Type           Power      Damage    Failure   Level
 Blink                    Tloc           10%        N/A       26%         2
 Gell's Gravitas          Tloc           5%         N/A       47%         3
 Lesser Beckoning         Tloc           5%         N/A       47%         3
 Teleport Other           Tloc           5%         N/A       47%         3
 Manifold Assault         Tloc           5%         N/A       99%         5

Inventory:

Hand Weapons
 d - a +1 vampiric hand axe (weapon)
 f - a +0 mace
Armour
 g - a +0 ring mail (worn)
Jewellery
 i - a ring of resist corrosion (left hand)
Scrolls
 b - a scroll of identify
Potions
 c - a potion of might
 e - a potion of mutation
 h - a potion of flight
 j - a potion of ambrosia {unknown}

Dungeon Overview and Level Annotations

Branches:
Dungeon (3/15)

Altars:
Kikubaaqudgha
Makhleb
Nemelex Xobeh
Ru
Xom
Zin


Message History

The adder bites you.
You are poisoned.
The adder poisons you!
You slash the adder!
You feel better.
The adder is heavily wounded.
You feel sick. The adder bites you but does no damage. The adder bites you.
You hit the adder. Your kick misses the adder.
The adder is almost dead.
You feel sick. The adder closely misses you.
You barely miss the adder.
The adder is almost dead.
You feel sick. The adder bites you. The adder closely misses you.
You barely miss the adder. Your kick misses the adder.
The adder is almost dead.
You feel sick. The adder closely misses you.
You closely miss the adder. Your kick misses the adder.
Your peck misses the adder.
The adder is almost dead.
You feel sick.
You are no longer poisoned.
The adder barely misses you. The adder bites you.
You are lethally poisoned!
The adder poisons you!
You hit the adder but do no damage. Your kick misses the adder.
Your peck misses the adder.
The adder is almost dead.
You feel sick. The adder barely misses you.
You hit the adder.
You feel better.
Your kick misses the adder. Your peck misses the adder.
The adder is almost dead.
You feel sick. The adder bites you but does no damage.
You barely miss the adder.
The adder is almost dead.
You feel sick. The adder bites you. The adder barely misses you.
You barely miss the adder.
The adder is almost dead.
You feel sick. The adder bites you but does no damage.
You closely miss the adder. You claw the adder.
You kill the adder!
You die...

#######... ##.#
###.# # ..).......
#.# #...# #
#.######..
#.#####.### # ..#
#..#....# ## .##
##.#...## ###. ##
. #...#..## #... #
<.. #.##8..8##
####
#....####.#_...._#
#..%@..###.)###
#..######_....# #
###..### #.....#
##..### #.....# #
###..### .
#....._# .
##__..##


There were no monsters in sight!

Vanquished Creatures
  2 adders (D:3)
  2 endoplasms (D:1)
  3 giant cockroaches
  A goblin (D:1)
  A hobgoblin (D:2)
  A kobold (D:3)
  2 quokkas
  4 frilled lizards
  2 rats
18 creatures vanquished.

Vanquished Creatures (others)
  2 fungi (D:2)
  A toadstool (D:2)
3 creatures vanquished.

Grand Total: 21 creatures vanquished

Notes
Turn   | Place    | Note
-------+----------+-------------------------------------------
     0 | D:1      | qw the Tengu Warper began the quest for the Orb.
     0 | D:1      | Reached XP level 1. HP: 12/12 MP: 4/4
     0 | D:1      | 0 ||| qw: Version: 0.1-a-89-g26bdef1
     0 | D:1      | 0 ||| qw: Game counter: 833
     0 | D:1      | 0 ||| qw: Always use a shield: true
     0 | D:1      | 0 ||| qw: God list: Okawaru
     0 | D:1      | 0 ||| qw: Allow faded altars: false
     0 | D:1      | 0 ||| qw: Do Orc after D:15 true
     0 | D:1      | 0 ||| qw: Do second Lair branch before Depths: true
     0 | D:1      | 0 ||| qw: Lair rune preference: random
     0 | D:1      | 0 ||| qw: Plans: Normal
     0 | D:1      | 0 ||| PLANNING D:1-11
  1227 | D:1      | 1227 ||| UPGRADING to +0 ring mail.
  1237 | D:1      | 1237 ||| DROPPING +0 leather armour.
  1238 | D:1      | 1238 ||| UPGRADING to ring of resist corrosion.
  1239 | D:1      | 1239 ||| READING scroll labelled BIYP KABEZU.
  1240 | D:1      | 1240 ||| READING scroll labelled ZUSHRI JUGAOREOGH.
  1241 | D:1      | 1241 ||| READING scroll labelled ADIVOA BOPRAE.
  1242 | D:1      | 1242 ||| READING scroll labelled DYGHIJ BEIR.
  1243 | D:1      | 1243 ||| DROPPING scroll of blinking.
  1294 | D:2      | 1294 ||| STAIRDANCE
  1298 | D:1      | Reached skill level 3 in Axes
  1298 | D:1      | Reached XP level 2. HP: 17/17 MP: 6/6
  1484 | D:2      | You fall into a shaft and drop 1 floor!
  1535 | D:3      | 1535 ||| DROPPING +0 club.
  1563 | D:3      | Reached XP level 3. HP: 16/21 MP: 7/7
  1778 | D:3      | Found a sparkling altar of Nemelex Xobeh.
  1784 | D:3      | Found a sacrificial altar of Ru.
  1788 | D:3      | Found a shimmering altar of Xom.
  1796 | D:3      | Found a glowing silver altar of Zin.
  1796 | D:3      | Found a burning altar of Makhleb.
  1802 | D:3      | Found an ancient bone altar of Kikubaaqudgha.
  1822 | D:3      | 1822 ||| READING scroll labelled SESANLEPUMUP.
  1823 | D:3      | 1823 ||| READING scroll labelled XYEMAEDEYK.
  1824 | D:3      | 1824 ||| DRINKING 2 fuming red potions.
  1824 | D:3      | Gained mutation: Your spells are a little easier to cast,
                  | but a little less powerful. [potion of mutation]
  1824 | D:3      | Gained mutation: You are clumsy. (Dex -2) [potion of
                  | mutation]
  1825 | D:3      | 1825 ||| READING 3 scrolls of identify.
  1825 | D:3      | 1825 ||| IDENTIFYING sedimented yellow potion
  1826 | D:3      | 1826 ||| READING 2 scrolls of identify.
  1826 | D:3      | 1826 ||| IDENTIFYING red potion
  1837 | D:3      | HP: 5/21 [poisoned by an adder]
  1839 | D:3      | HP: 2/21 [adder (2)]
  1841 | D:3      | Succumbed to an adder's poison

Levels and vault maps discovered:
D:1:      eino_arrival_cavern_d, layout_loops_corners, serial_forest,
          infiniplex_forest_end_1, infiniplex_forest_straight_4,
          infiniplex_forest_end_3, infiniplex_forest_lined_3,
          infiniplex_forest_diagonal, infiniplex_forest_straight_2,
          infiniplex_forest_lined_room_2, infiniplex_forest_clump_diagonal,
          infiniplex_forest_end_2, infiniplex_forest_corner_1,
          hangedman_decor_peaks_small, columned_hall_lemuel
D:2:      layout_basic, shapermc_ecumenical_altar_mp_highgroup,
          minmay_gold_behind_fungi, st_stairs_8, minivault_26
D:3:      layout_rooms, yredelemnul_altar_generic, minitemple,
          lightli_corner_chamber

Skill      XL: |  1 |
---------------+----+-----
Axes           | 3 |  3.8
Fighting       | |  2.0
Throwing       | |  1.0
Armour         | |  1.1
Dodging        | |  2.1
Spellcasting   | |  2.0
Translocations | |  2.4

Action                   || total
-------------------------++-------
Melee: Hand axe          ||    42
       Kick              ||     8
       Peck              ||     4
Throw: Boomerang         ||     7
  Use: Scroll            ||     8
       Potion            ||     1
Armor: Ring mail         ||    11
       Leather armour    ||     1
Dodge: Dodged            ||    15

Table legend:
 A = Non-vault XP
 B = Vault XP
 C = Vault XP percentage of total XP
 D = Non-vault monster count
 E = Vault monster count
 F = Vault count percentage of total count
                 A         B        C        D         E       F
            +---------+---------+-------+---------+---------+-------
      Total |      53 |       0 |   0.0 |      18 |       0 |   0.0
            +---------+---------+-------+---------+---------+-------
        D:1 |      11 |       0 |   0.0 |       6 |       0 |   0.0
        D:2 |       6 |       0 |   0.0 |       4 |       0 |   0.0
        D:3 |      36 |       0 |   0.0 |       8 |       0 |   0.0
            +---------+---------+-------+---------+---------+-------
